 Dungeon Crawl Stone Soup version 0.19-a0-706-g03de5d9 (webtiles) character file.

471 syzygy the Skirmisher (level 7, 57/57 HPs)
             Began as a Formicid Monk on June 19, 2016.
             Quit the game on level 4 of the Dungeon.
             The game lasted 00:14:23 (6393 turns).

syzygy the Skirmisher (Formicid Monk)               Turns: 6393, Time: 00:14:24

Health: 57/57      AC:  8    Str: 16    XL:     7   Next: 31%
Magic:  7/7        EV:  6    Int:  9    God:
Gold:   103        SH: 13    Dex: 15    Spells: 0 memorised, 6 levels left

rFire  . . .     SeeInvis +     a - +0 hand axe
rCold  . . .     Gourm    .     i - +0 chain mail
rNeg   . . .     Faith    .     s - +0 large shield
rPois  .         Spirit   .     (helmet unavailable)
rElec  .         Dismiss  .     (no cloak)
rCorr  .         Reflect  .     (no gloves)
SustAt .         Harm     .     (no boots)
MR     .....                    (no amulet)
Stlth  ..........               (no ring)
                                j - +3 ring of evasion

@: not resistant to hostile enchantments, extremely unstealthy
A: permanent stasis, dig shafts and tunnels, four strong arms, antennae 3
a: Dig, Shaft Self


You were on level 4 of the Dungeon.
You were hungry.

You visited 1 branch of the dungeon, and saw 5 of its levels.

You collected 103 gold pieces.

Inventory:

Hand Weapons
 a - a +0 hand axe (weapon)
Armour
 i - a +0 chain mail (worn)
 s - a +0 large shield (worn)
Jewellery
 j - a +3 ring of evasion (left hand)
Wands
 t - a wand of iceblast (4/15)
Scrolls
 d - 3 scrolls of teleportation {unknown}
 e - a scroll of fog {unknown}
 g - 5 scrolls of identify {unknown}
 h - a scroll of remove curse {unknown}
Potions
 m - a potion of degeneration {unknown}
 n - a potion of curing {unknown}
 o - a potion of mutation {unknown}
 p - a potion of ambrosia {unknown}
 q - 2 potions of invisibility {unknown}
 r - a potion of haste {unknown}
 u - a potion of agility {unknown}
Books
 b - a book of Flames

   Spells                             Type                      Level
   a - Flame Tongue                   Conjuration/Fire             1
   b - Throw Flame                    Conjuration/Fire             2
   c - Conjure Flame                  Conjuration/Fire             3
   d - Inner Flame                    Hexes/Fire                   3
   e - Sticky Flame                   Conjuration/Fire             4
   f - Fireball                       Conjuration/Fire             5
Comestibles
 c - 2 bread rations
 f - 3 beef jerkies
 k - 2 meat rations
 l - 2 fruits


   Skills:
 + Level 5.9 Fighting
 + Level 5.1 Axes
 + Level 2.6 Armour
 - Level 2.6 Dodging
 - Level 2.4 Stealth
 + Level 2.6 Shields


You had 6 spell levels left.
You didn't know any spells.

Dungeon Overview and Level Annotations

Branches:
Dungeon (5/15)
 Temple: D:4-7

Altars:
Pakellas
Sif Muna

Shops:
D:4 [

Annotations:
D:3 zork's ghost, amateur HOMo
D:5 sugabear's ghost, novice VSGl


Innate Abilities, Weirdness & Mutations

You are under a permanent stasis effect.
You can dig through walls and to a lower floor.
Your four strong arms can wield two-handed weapons with a shield.
You have a pair of large antennae on your head. (SInv)


Message History

Things that are here:
a short sword; a club; an orc corpse You start resting.
You are feeling hungry.
You start resting.
HP restored.
Search for what [Enter for "shield", or ? for help]? axe
Things that are here:
a short sword; a club; an orc skeleton
Found an escape hatch in the floor.
The orc wizard shouts!
The orc wizard is too close now for your liking.
Found a deep blue altar of Sif Muna.
The orc wizard casts a spell at you. You block the puff of flame.
The orc wizard is engulfed in a cloud of scalding steam.
The orc wizard is engulfed in a cloud of scalding steam.
The orc wizard dies!
Partly explored, can't reach some items.
Are you sure you want to abandon this character and quit the game? (Confirm with "yes".)

#.# ##+######.#..... #.#
##...###.....#### #.####
##.....##.....#### #.##.##
##.......#.........
#.#...####..........>.))..#.
#........'...........)..(...
#####.#...####.......>.####...#.
#........## ##.......## ##....
#.###.##.# #.@.....## ##.## #.#
#.##.# #.##...## #.# #.# #.##.#
##.###'## #.# #.###.##.#
#...##.## #.# #........#
#...#...# #.#
#.###.##.####...###.# #.#
#........##.......### #.#
#####.####.........##########.#
#.###....≈≈≈....#.........#


There were no monsters in sight!

Vanquished Creatures
  An orc warrior (D:2)
  A hound (D:4)
  An orc priest (D:4)
  An orc wizard (D:3)
  A centaur skeleton (D:4)
  4 worker ants (D:4)
  4 adders
  7 oozes (D:1)
  An adder skeleton (D:4)
  3 worms
  2 dart slugs
  3 giant geckos
  7 orcs
  5 giant cockroaches
  5 goblins
  5 hobgoblins
  5 jackals
  2 kobolds
  4 quokkas
  2 ball pythons
  13 bats
  4 giant newts
  11 rats
92 creatures vanquished.

Vanquished Creatures (others)
  An orc wizard (D:4)
1 creature vanquished.

Grand Total: 93 creatures vanquished

Notes
Turn   | Place    | Note
--------------------------------------------------------------
     0 | D:1      | syzygy the Formicid Monk began the quest for the Orb.
     0 | D:1      | Reached XP level 1. HP: 18/18 MP: 1/1
     1 | D:1      | Found a runed door.
   485 | D:1      | Reached XP level 2. HP: 24/24 MP: 2/2
  1098 | D:2      | Reached XP level 3. HP: 15/30 MP: 3/3
  1691 | D:1      | Reached XP level 4. HP: 32/38 MP: 4/4
  1913 | D:2      | Found an oddly glowing altar of Pakellas.
  2142 | D:2      | Reached XP level 5. HP: 34/43 MP: 5/5
  2349 | D:3      | Reached skill level 5 in Fighting
  2388 | D:3      | Noticed zork's ghost (amateur HOMo)
  3210 | D:3      | Noticed an orc warrior
  3705 | D:2      | Killed an orc warrior
  3705 | D:2      | Reached skill level 1 in Armour
  3705 | D:2      | Reached skill level 1 in Shields
  3705 | D:2      | Reached XP level 6. HP: 21/51 MP: 6/6
  5004 | D:4      | Found Jehia's Antique Armour Shop.
  5185 | D:4      | Reached XP level 7. HP: 28/57 MP: 7/7
  5519 | D:4      | Reached skill level 5 in Axes
  6086 | D:5      | Entered Level 5 of the Dungeon
  6086 | D:5      | Noticed sugabear's ghost (novice VSGl)
  6341 | D:4      | Found a deep blue altar of Sif Muna.
  6393 | D:4      | Quit the game

Vault maps used:
D:1:      dpeg_arrival_caged_fury
D:2:      lemuel_coloured_pillars_altar
D:4:      tgw_sif, serial_shops, shop, feat_on_display
D:5:      first_bread

Skill      XL: |  1  2  3  4  5  6  7 |
---------------+----------------------+-----
Fighting       | 4 5 |  5.9
Axes           | 4 5 |  5.1
Armour         | 1 2 |  2.6
Shields        | 1 2 |  2.6
Dodging        | |  2.6
Stealth        | |  2.4

Action                   |  1- 3 |  4- 6 |  7- 9 || total
-------------------------+-------+-------+-------++-------
Melee: Hand axe          |   124 |   300 |    49 ||   473
  Use: Potion            |       |     3 |       ||     3
 Stab: Sleeping          |     2 |     2 |       ||     4
  Eat: Chunk             |     2 |    12 |     3 ||    17
Armor: Robe              |    22 |    21 |       ||    43
       Chain mail        |       |    35 |    23 ||    58
Dodge: Dodged            |    99 |   155 |    12 ||   266
Block: Large shield      |       |    87 |    53 ||   140
